 Dungeon Crawl Stone Soup version 0.27.1-2-g3b301248ec (webtiles) character file.

Game seed: 1245139734175823352

49 chaosape the Magician (level 3, 0/25 HPs)
             Began as a Gnoll Wanderer on Sept 26, 2021.
             Slain by an adder (3 damage)
             ... on level 2 of the Dungeon.
             The game lasted 00:14:20 (2425 turns).

chaosape the Magician (Gnoll Wanderer)              Turns: 2425, Time: 00:14:21

Health: 0/25       AC:  2    Str: 12    XL:     3   Next: 75%
Magic:  4/11       EV: 11    Int: 13    God:
Gold:   98         SH:  0    Dex: 15    Spells: 11/16 levels left

rFire    . . .     SeeInvis .   a - +0 dagger
rCold    . . .     Faith    .   (no shield)
rNeg     . . .     Spirit   .   c - +0 robe
rPois    .         Reflect  .   (no helmet)
rElec    .         Harm     .   (no cloak)
rCorr    .         Rampage  .   (no gloves)
Will     .....                  (no boots)
Stlth    ++........             (no amulet)
HPRegen  0.08/turn              h - +6 ring of dexterity
MPRegen  0.12/turn              (no ring)

@: lethally poisoned (0 -> -1), very slightly contaminated, hasted, very quick
A: fangs 1, strong nose, distributed training
a: no special abilities


You were on level 2 of the Dungeon.
You visited 1 branch of the dungeon, and saw 2 of its levels.

You collected 98 gold pieces.

Inventory:

Hand Weapons
 a - a +0 dagger (weapon)
 j - a +0 quarterstaff
Missiles
 b - 13 poisoned darts (quivered)
 f - 4 stones
Armour
 c - a +0 robe (worn)
Jewellery
 h - a +6 ring of dexterity (left hand)
Scrolls
 d - 2 scrolls of identify {unknown}
 e - 2 scrolls of teleportation {unknown}
Potions
 g - a potion of cancellation {unknown}
 i - a potion of haste


   Skills:
 + Level 0.9 Fighting
 + Level 0.9 Short Blades
 + Level 0.9 Long Blades
 + Level 0.9 Axes
 + Level 0.9 Maces & Flails
 + Level 6.5 Polearms
 + Level 0.9 Staves
 + Level 0.9 Slings
 + Level 0.9 Bows
 + Level 0.9 Crossbows
 + Level 2.6 Throwing
 + Level 0.9 Armour
 + Level 0.9 Dodging
 + Level 2.4 Stealth
 + Level 0.9 Shields
 + Level 0.9 Unarmed Combat
 + Level 7.1 Spellcasting
 + Level 0.6 Conjurations
 + Level 0.6 Hexes
 + Level 0.6 Summonings
 + Level 0.6 Necromancy
 + Level 2.1 Translocations
 + Level 0.6 Transmutations
 + Level 0.6 Fire Magic
 + Level 0.6 Ice Magic
 + Level 0.6 Air Magic
 + Level 2.1 Earth Magic
 + Level 0.6 Poison Magic
 + Level 1.0 Invocations
 + Level 0.9 Evocations


You had 11 spell levels left.
You knew the following spells:

 Your Spells              Type           Power      Damage    Failure   Level
a - Sting                 Tmut/Pois      24%        1d4       12%         1
b - Blink                 Tloc           N/A        N/A       10%         2
c - Poisonous Vapours     Pois/Air       12%        N/A       17%         2

Your spell library contained the following spells:

 Spells                   Type           Power      Damage    Failure   Level
 Gell's Gravitas          Tloc           5%         N/A       19%         3
 Lesser Beckoning         Tloc           5%         N/A       19%         3
 Teleport Other           Tloc           10%        N/A       19%         3
 Ignite Poison            Fire/Tmut/Pois 6%         N/A       34%         3
 Olgreb's Toxic Radiance  Pois           6%         N/A       75%         4
 Manifold Assault         Tloc           10%        N/A       86%         5


Dungeon Overview and Level Annotations

Branches:
Dungeon (2/15)

Altars:


Innate Abilities, Weirdness & Mutations

You have very sharp teeth.
Your uncanny sense of smell can sniff out nearby items.
Your experience applies equally to all skills.


Message History

Casting: Sting (safe; 12% risk of failure)
Confirm with . or Enter, or press ? or * to list all spells.
Aiming: Sting (safe; 12% risk of failure)
Press: ? - help, Shift-Dir - straight line, f/p - hobgoblin
Aim: a hobgoblin (moderately wounded, poisoned, 68% to hit)
The sting hits the adder.
The adder is poisoned.
The adder is moderately wounded.
The adder bites you. The adder closely misses you.
Casting: Sting (safe; 12% risk of failure)
Confirm with . or Enter, or press ? or * to list all spells.
Aiming: Sting (safe; 12% risk of failure)
Press: ? - help, Shift-Dir - straight line, f/p - hobgoblin
Aim: a hobgoblin (moderately wounded, poisoned, 68% to hit)
You miscast Sting.
You are very lightly contaminated with residual magic.
Nothing appears to happen.
The adder bites you.
You are poisoned.
The adder poisons you!
Unknown command.
You feel sick.
The hobgoblin looks more healthy.
Okay, then.
Casting: Sting (safe; 12% risk of failure)
Confirm with . or Enter, or press ? or * to list all spells.
You blink.
You feel sick.
Casting: Blink (safe; 10% risk of failure)
Confirm with . or Enter, or press ? or * to list all spells.
Aiming: Sting (safe; 12% risk of failure)
Press: ? - help, Shift-Dir - straight line, f - adder, p - hobgoblin
Aim: an adder (translocational energy, heavily wounded, poisoned, 48% to hit)
The sting misses the adder.
You feel sick.
You hit the adder but do no damage.
The adder is moderately wounded.
You feel sick. The adder barely misses you.
You barely miss the adder.
The adder is heavily wounded.
You feel sick. The adder bites you.
* * * LOW HITPOINT WARNING * * *
It was a potion of haste.
You feel yourself speed up.
You feel sick.
The adder looks more healthy.
The adder bites you.
You die...

..w. #.# .... .#.#
..... ..# ..... ..#
..... #.#
#..##r####### #
#...........
#.#########!..#
#..@Sgr.......#
##########....###
........#....#..
..########.#....#.#
...........#..#.#.#
.#######........#.#
..######.###.##.#.####
................#.....
#.######...#.####..#..


You could see an adder, a hobgoblin and a rat.

Vanquished Creatures
  A worm (D:2)
  2 bats (D:1)
  2 endoplasms
  A giant cockroach (D:2)
  2 goblins (D:1)
  6 hobgoblins
  11 jackals
  2 quokkas
  5 ball pythons (D:1)
  2 frilled lizards (D:1)
  2 kobolds (D:1)
  3 rats
39 creatures vanquished.

Notes
Turn   | Place    | Note
-------+----------+-------------------------------------------
     0 | D:1      | chaosape the Gnoll Wanderer began the quest for the Orb.
     0 | D:1      | chaosape set off with the following items: a +0 dagger, 13
                  | poisoned darts, a +0 robe; and the following spell
                  | memorised: Sting; and the following spells available to
                  | memorise: Blink, Gell's Gravitas, Lesser Beckoning,
                  | Teleport Other, Ignite Poison, Manifold Assault
     0 | D:1      | Reached XP level 1. HP: 13/13 MP: 8/8
   341 | D:1      | Reached XP level 2. HP: 9/19 MP: 1/10
   508 | D:1      | Learned a level 2 spell: Blink
   589 | D:1      | Found a faded altar of an unknown god.
   991 | D:1      | Reached XP level 3. HP: 21/25 MP: 5/11
  1625 | D:1      | Learned a level 2 spell: Poisonous Vapours
  2106 | D:2      | Reached skill level 1 in Invocations
  2425 | D:2      | Slain by an adder

Illustrated notes

Levels and vault maps discovered:
D:1:      dpeg_arrival_another_circle, layout_loops_corners,
          shapermc_ecumenical_altar_notcrosses
D:2:      layout_basic, st_stairs_5, uniq_crazy_yiuf_cottage

Skill      XL: |  1  2  3 |
---------------+----------+-----
Translocations | 2 |  2.1
Earth Magic    | 2 |  2.1
Invocations    | 1 |  1.0
Fighting       | |  0.9
Short Blades   | |  0.9
Long Blades    | |  0.9
Axes           | |  0.9
Maces & Flails | |  0.9
Polearms       | |  6.5
Staves         | |  0.9
Slings         | |  0.9
Bows           | |  0.9
Crossbows      | |  0.9
Throwing       | |  2.6
Armour         | |  0.9
Dodging        | |  0.9
Stealth        | |  2.4
Shields        | |  0.9
Unarmed Combat | |  0.9
Spellcasting   | |  7.1
Conjurations   | |  0.6
Hexes          | |  0.6
Summonings     | |  0.6
Necromancy     | |  0.6
Transmutations | |  0.6
Fire Magic     | |  0.6
Ice Magic      | |  0.6
Air Magic      | |  0.6
Poison Magic   | |  0.6
Evocations     | |  0.9

Action                   || total
-------------------------++-------
Melee: Dagger            ||    31
       Bite              ||     3
 Cast: Sting             ||    82
       Blink             ||     1
       Poisonous Vapours ||     1
  Use: Potion            ||     1
Armor: Robe              ||     8
Dodge: Dodged            ||    44
